 Dungeon Crawl Stone Soup version 0.30-a0-6-g7c9e10e132 (webtiles) character file.

Game seed: 8863903388246067050

351 SensoryNuts the Chopper (level 6, -16/53 HPs)
             Began as a Hill Orc Fighter on Aug 22, 2022.
             Demolished by Pikel
             ... wielding a +1 whip of electrocution
              (17 damage)
             ... on level 4 of the Dungeon.
             The game lasted 00:04:14 (4588 turns).

SensoryNuts the Chopper (Hill Orc Fighter)          Turns: 4588, Time: 00:04:14

Health: -16/53     AC:  8    Str: 20 (21) XL:     6   Next: 61%
Magic:  6/6        EV:  9    Int:  8      God:
Gold:   268        SH:  4    Dex: 10      Spells: 5/5 levels left

rFire   . . .      SeeInvis .    a - +0 war axe
rCold   . . .      Faith    .    c - +0 buckler
rNeg    . . .      Spirit   .    b - +0 scale mail
rPois   .          Reflect  .    (no helmet)
rElec   .          Harm     .    j - +0 cloak
rCorr   .          Rampage  .    (no gloves)
Will    .....                    (no boots)
Stlth   ..........               (no amulet)
HPRegen 0.17/turn                d - ring of flight
MPRegen 0.10/turn                (no ring)

@: flying
A: no striking features
a: no special abilities


You were on level 4 of the Dungeon.
You visited 1 branch of the dungeon, and saw 4 of its levels.

You collected 268 gold pieces.

Inventory:

Hand Weapons
 a - a +0 war axe (weapon)
Armour
 b - a +0 scale mail (worn)
 c - a +0 buckler (worn)
 j - a +0 cloak (worn)
Jewellery
 d - a ring of flight (left hand)
 f - a ring of resist corrosion
 r - an amulet of the acrobat
Wands
 h - a wand of acid (14)
Scrolls
 i - a scroll of teleportation
 l - a scroll of magic mapping
 m - a scroll of enchant weapon
 o - 2 scrolls of poison
 p - 2 scrolls of noise
 q - a scroll of amnesia
 s - a scroll of identify
Potions
 g - 2 potions of degeneration
 k - a potion of magic
 n - a potion of lignification {unknown}


   Skills:
 + Level 4.6 Fighting
 * Level 6.5 Axes
 + Level 4.8 Armour
 + Level 0.9 Dodging
 + Level 0.1 Stealth
 + Level 3.7 Shields


You had 5 spell levels left.
You didn't know any spells.
Your spell library contained the following spells:

 Spells                   Type           Power      Damage    Failure   Level
 Gell's Gravitas          Tloc           0%         N/A       99%         3
 Lesser Beckoning         Tloc           0%         N/A       99%         3
 Teleport Other           Tloc           0%         N/A       99%         3


Dungeon Overview and Level Annotations

Branches:
Dungeon (4/15)
 Temple: D:4-7

Altars:
Ashenzari

Shops:
D:3 *

Annotations:
D:2 1 runed translucent door, Crazy Yiuf
D:4 Pikel


Message History

You feel much better. The lemure hits you.
You hit the lemure but do no damage.
The lemure is heavily wounded.
The lemure hits you but does no damage.
You barely miss Pikel.
Pikel hits you with a +1 whip of electrocution.
You slash Pikel!
Pikel is moderately wounded.
Pikel hits you but does no damage.
You hit Pikel.
Pikel is moderately wounded.
You block Pikel's attack.
You hit Pikel but do no damage.
Pikel is moderately wounded.
Pikel hits you with a +1 whip of electrocution.
You hit Pikel.
Pikel is heavily wounded.
Pikel hits you with a +1 whip of electrocution. x2
You closely miss Pikel.
Pikel is heavily wounded.
Pikel hits you with a +1 whip of electrocution.
You slash Pikel!
Pikel is severely wounded.
Pikel hits you with a +1 whip of electrocution.
You hit Pikel but do no damage.
Pikel is severely wounded.
Pikel hits you with a +1 whip of electrocution!
You barely miss Pikel.
Pikel is severely wounded.
Pikel completely misses you.
You hit Pikel but do no damage.
Pikel is severely wounded.
Pikel hits you with a +1 whip of electrocution.
* * * LOW HITPOINT WARNING * * *
You are electrocuted!
* * * LOW HITPOINT WARNING * * *
Pikel hits you with a +1 whip of electrocution.
* * * LOW HITPOINT WARNING * * *
You are electrocuted!
You die...

.## ....
..# ...
##.#.###
#...555#
#K# #@#
#.# #.#
#.# #.#
#.# #.#
#######.##
.........#


You could see Pikel and 2 lemures.

Vanquished Creatures
  A phantom (D:4)
  A necrophage (D:3)
  A jelly (D:4)
  Jessica (D:2)
  An orc wizard (D:2)
  Terence (D:2)
  2 adders (D:3)
  2 worms
  3 dart slugs
  3 orcs
  5 ball pythons
  7 endoplasms
  5 giant cockroaches
  5 goblins (D:1)
  10 hobgoblins
  7 kobolds
  6 quokkas
  2 bats
  4 frilled lizards
  2 rats
69 creatures vanquished.

Vanquished Creatures (others)
  3 fungi (D:2)
  2 plants (D:1)
5 creatures vanquished.

Grand Total: 74 creatures vanquished

Notes
Turn   | Place    | Note
-------+----------+-------------------------------------------
     0 | D:1      | SensoryNuts the Hill Orc Fighter began the quest for the
                  | Orb.
     0 | D:1      | Reached XP level 1. HP: 19/19 MP: 1/1
    51 | D:1      | Reached skill level 3 in Axes
    51 | D:1      | Reached XP level 2. HP: 8/26 MP: 2/2
   678 | D:1      | Reached XP level 3. HP: 25/33 MP: 3/3
  1380 | D:1      | Found a faded altar of an unknown god.
  1708 | D:2      | Noticed Terence
  1722 | D:2      | Killed Terence
  1723 | D:2      | Reached skill level 4 in Axes
  1723 | D:2      | Reached XP level 4. HP: 11/40 MP: 4/4
  2059 | D:2      | Noticed Jessica
  2063 | D:2      | Killed Jessica
  2218 | D:2      | Found a runed translucent door.
  2219 | D:2      | Noticed Crazy Yiuf
  2755 | D:2      | Reached skill level 5 in Axes
  2755 | D:2      | Reached XP level 5. HP: 8/47 MP: 5/5
  3461 | D:3      | Found Izecutua's Assorted Antiques.
  3992 | D:3      | Reached XP level 6. HP: 53/53 MP: 6/6
  4112 | D:4      | Found a broken altar of Ashenzari.
  4139 | D:4      | Reached skill level 6 in Axes
  4570 | D:4      | Noticed Pikel
  4588 | D:4      | HP: 1/53 [Pikel/+1 whip of electrocution (4)]
  4588 | D:4      | Demolished by Pikel

Illustrated notes

Levels and vault maps discovered:
D:1:      wander_arrival_peaceful_grave, layout_loops_ring,
          shapermc_ecumenical_altar_mp_ritualfount, minmay_fountain_box,
          st_stairs_13, minmay_misc_feat_square
D:2:      layout_basic, minmay_nonomino_d4, uniq_jessica, uniq_terence,
          uniq_crazy_yiuf_cottage
D:3:      layout_loops_ring, serial_shops, shop, kennysheep_nondescript
D:4:      minmay_opposing_rooms, layout_loops_ring, mainiacjoe_overflow_paths,
          evilmike_ruin_ashenzari, minmay_temple_entry_junction,
          grunt_ministairs_6, uniq_edmund, uniq_pikel

Skill      XL: |  1  2  3  4  5  6 |
---------------+-------------------+-----
Axes           | 3 4 5 6 |  6.5
Fighting       | 4 |  4.6
Armour         | 4 |  4.8
Dodging        | |  0.9
Stealth        | |  0.1
Shields        | |  3.7

Action                   |  1- 3 |  4- 6 || total
-------------------------+-------+-------++-------
Melee: War axe           |   106 |   161 ||   267
  Use: Potion            |     1 |     8 ||     9
       Scroll            |       |     8 ||     8
Armor: Scale mail        |    44 |    83 ||   127
Dodge: Dodged            |    52 |    57 ||   109
Block: Buckler           |    17 |    23 ||    40

Table legend: (Time is in decaauts)
 A = Elapsed time spent in this place.
 B = Non-inter-level travel time spent in this place.
 C = Inter-level travel time spent in this place.
 D = Time resting spent in this place.
 E = Time spent auto-exploring this place.
 F = Levels seen in this place.
 G = Mean time per level.
                   A        B        C        D        E       F      G
               +--------+--------+--------+--------+--------+-----+--------+
         Total |   4682 |   4426 |    256 |    453 |   3315 |   4 | 1170.5 |
       Dungeon |   4682 |   4426 |    256 |    453 |   3315 |   4 | 1170.5 |
               +--------+--------+--------+--------+--------+-----+--------+

Top non-repeatable levels by time:
     D:2: 1682 daAuts
     D:1: 1666 daAuts
     D:3: 842 daAuts
     D:4: 490 daAuts
